 Dungeon Crawl Stone Soup version 0.30-b1-2-g02819fbbbe (webtiles) character file.

Game seed: 6928477607801744084

95 Rakso2454 the Grave Robber (level 4, 0/34 HPs)
             Began as a Ghoul Necromancer on Sept 16, 2023.
             Slain by Robin
             ... wielding a +1 mace of draining
              (4 damage)
             ... on level 3 of the Dungeon.
             The game lasted 00:16:37 (1427 turns).

Rakso2454 the Grave Robber (Ghoul Necromancer)      Turns: 1427, Time: 00:16:38

Health: 0/34       AC:  7    Str: 13    XL:     4   Next: 66%
Magic:  5/5        EV: 14    Int: 10    God:
Gold:   45         SH:  0    Dex:  9    Spells: 5/6 levels left

rFire   . . .        h - +1 dagger
rCold   + . .        (no shield)
rNeg    + + +        g - +1 scale mail
rPois   ∞            (no helmet)
rElec   .            j - scarf {shadows}
rCorr   .            (no gloves)
SInv    .            (no boots)
Will    .....        (no amulet)
Stlth   +            f - +5 ring of evasion
HPRegen 0.00/turn    (no ring)
MPRegen 0.09/turn

%: no passive effects
@: inhibited regen
A: claws 1, cold resistance 1, negative energy resistance 3, inhibited
regeneration, torment resistance 2, devour on kill
a: no special abilities


You were on level 3 of the Dungeon.
You visited 1 branch of the dungeon, and saw 3 of its levels.

You collected 45 gold pieces.

Inventory:

Hand Weapons
 h - a +1 dagger (weapon)
Armour
 g - a +1 scale mail (worn)
 j - a scarf of shadows (worn)
Jewellery
 f - a +5 ring of evasion (left claw)
Potions
 a - a potion of flight
 b - 2 potions of magic


   Skills:
 - Level 0.5 Fighting
 - Level 1.3 Short Blades
 - Level 0.4 Throwing
 - Level 0.5 Armour
 - Level 2.4 Dodging
 - Level 2.7 Stealth
 - Level 1.2 Unarmed Combat
 - Level 1.7 Spellcasting
 * Level 4.5 Necromancy


You had 5 spell levels left.
You knew the following spells:

 Your Spells              Type           Power      Damage    Failure   Level
a - Necrotise             Necr           36%        1d5       24%         1

Your spell library contained the following spells:

 Spells                   Type           Power      Damage    Failure   Level
 Vampiric Draining        Necr           9%         2d6       58%         3
 Ensorcelled Hibernation  Hex/Ice        0%         N/A       93%         2
 Animate Dead             Necr           9%         N/A       94%         4
 Anguish                  Hex/Necr       2%         N/A       99%         4
 Agony                    Necr           9%         N/A       100%        5
 Spider Form              Tmut/Pois      Unusable   N/A       N/A         3

Dungeon Overview and Level Annotations

Branches:
Dungeon (3/15)

Altars:

Annotations:
D:3 Robin


Innate Abilities, Weirdness & Mutations

You are immune to poison.
You have sharp fingernails.
Your flesh is cold resistant. (rC+)
You are immune to negative energy. (rN+++)
You do not regenerate when monsters are visible.
You are immune to unholy pain and torment.
You thrive by killing the living.


Message History

You kill the goblin!
You feel better.
Robin roars a battlecry!
The goblin goes into a battle-frenzy!
Robin attacks as you move away! Robin misses you.
Robin throws the goblin at you!
The goblin unwields a +0 sling.
The goblin wields a +0 club.
The goblin hits you but does no damage. Robin throws the goblin at you!
The goblin misses you.
You are too injured to fight recklessly!
You hit the goblin.
The goblin is severely wounded.
The goblin misses you. x2
You hit the goblin.
You kill the goblin!
You are starting to lose your buoyancy.
The goblin hits you with a +0 club.
* * * LOW HITPOINT WARNING * * *
Robin attacks as you move away! Robin hits you but does no damage.
Robin attacks as you move away!
Robin hits you with a +1 mace of draining.
* * * LOW HITPOINT WARNING * * *
The goblin attacks as you move away! The goblin barely misses you.
Robin throws the goblin at you!
* * * LOW HITPOINT WARNING * * *
You hit the goblin.
The goblin is heavily wounded.
The goblin barely misses you.
You hit the goblin.
You kill the goblin!
You feel better.
Robin hits you with a +1 mace of draining.
* * * LOW HITPOINT WARNING * * *
Throw: dart (poison)
Press: ? - help, Q - select action, (/) - cycle Shift-Dir - straight line, f/p - Robin
Aim: Robin, wielding a +1 mace of draining, wearing a +0 animal skin and wearing a +0 helmet (heavily wounded, 61% to hit)
You throw a poisoned dart. The poisoned dart hits Robin.
Robin is poisoned.
Robin is heavily wounded.
You float gracefully downwards.
Robin hits you with a +1 mace of draining.
You die...

**#.###..##.########.######****,,
,,,......##.# #...,,,,,,,,,,
**,*##....).# #####******,,, **,*
##..#..# *,,, **,* #.,#).## *,,,
**,* #,,#...#########* *,,,
**,****,,##....)......* *,,,
,,,,,,,,,*#####g.####,* *,,,
,,,,,,,,,,,,,*##@...#,* *,,,
,*,*,,,,,,,*,* ####.#,* *,,,
,*,*,,,,,,,*,* *,#,* *,,,
,*,+,,,,,,,*,* *,,,** *,,,
,***,,,,,,,*,* **,,,*** *,,,
,,,,,,,,,,,,,* **,,,,* *,,,
************** *,**,* *,,, *,**,*
*,,, *,**,* *,,,


You could see Robin (poisoned).

Vanquished Creatures
  Jessica (D:2)
  2 adders (D:2)
  A dart slug (D:1)
  5 ball pythons
  5 bats
  4 endoplasms (D:2)
  2 giant cockroaches (D:1)
  11 goblins
  5 hobgoblins
  A kobold (D:1)
  3 quokkas
  2 frilled lizards
  2 rats
44 creatures vanquished.

Notes
Turn   | Place    | Note
-------+----------+-------------------------------------------
     0 | D:1      | Rakso2454 the Ghoul Necromancer began the quest for the
                  | Orb.
     0 | D:1      | Reached XP level 1. HP: 14/14 MP: 2/2
   164 | D:1      | Reached XP level 2. HP: 16/20 MP: 3/3
   615 | D:2      | Reached skill level 1 in Unarmed Combat
   615 | D:2      | Reached XP level 3. HP: 26/26 MP: 4/4
   853 | D:2      | Reached skill level 1 in Short Blades
  1084 | D:2      | Noticed Jessica
  1116 | D:2      | Killed Jessica
  1117 | D:2      | Reached XP level 4. HP: 21/34 MP: 5/5
  1326 | D:3      | Noticed Robin
  1427 | D:3      | Slain by Robin

Illustrated notes

Levels and vault maps discovered:
D:1:      arrival_zaba_pyramid, layout_loops_ring
D:2:      kennysheep_six_static_rooms, layout_basic, uniq_jessica
D:3:      layout_basic, mainiacjoe_overflow_small_starburst,
          nicolae_overflow_hidden_temple, dk_noncrumbling_3, uniq_robin

Skill      XL: |  1  2  3 |
---------------+----------+-----
Dodging        | 2 |  2.4
Unarmed Combat | 1 |  1.2
Short Blades   | 1 |  1.3
Fighting       | |  0.5
Throwing       | |  0.4
Armour         | |  0.5
Stealth        | |  2.7
Spellcasting   | |  1.7
Necromancy     | |  4.5

Action                     |  1- 3 |  4- 6 || total
---------------------------+-------+-------++-------
  Melee: Unarmed           |    77 |       ||    77
         Dagger            |   169 |    83 ||   252
         Punch             |     1 |     1 ||     2
  Throw: Dart              |    14 |     2 ||    16
    Use: Scroll            |     5 |     4 ||     9
         Potion            |     1 |     2 ||     3
   Stab: Sleeping          |     1 |       ||     1
 Armour: Robe              |     7 |       ||     7
         Scale mail        |    73 |    44 ||   117
  Dodge: Dodged            |   204 |   106 ||   310
